Map: New Repugnancy LE

Players

SpiderMan - Winner!

  • Race: Protoss Protoss
  • League: Grandmaster
  • Spawn Location: 1:00

santogrifo

  • Race: Terran Terran
  • League: Master
  • Spawn Location: 7:00

VOD

Have the link to the VOD?

Description

Time

  • Played on: March 2, 2019, 1:35 p.m.
  • Length: 11:09
Show
View Real Time Build Order
Export as new Build Order

SpiderMan Protoss - Winner!

Build Orders: 1 Gate Expand, Double Forge, Blink Stalkers 

Get SALT Encoding   

  12  0:00  Probe  
  13  0:13  Probe  
  14  0:17  Pylon  
  14  0:24  Probe  
  15  0:32  Probe  
  15  0:39  Gateway  
  15  0:40  Probe  
  16  0:48  Assimilator  
  17  0:51  Probe  
  18  1:03  Probe  
  19  1:15  Probe  
  20  1:25  Nexus  
  20  1:28  Probe  
  21  1:39  Cybernetics Core  
  21  1:43  Probe  
  22  1:48  Assimilator  
  22  1:56  Probe  
  22  2:00  Pylon  
  23  2:08  Adept  
  23  2:18  Probe  
  23  2:20  Twilight Council  
  23  2:21  Warp Gate  
  26  2:29  Stalker  
  26  2:30  Probe  
  26  2:35  Blink  
  27  2:37  Probe  
  27  2:43  Probe  
  31  2:46  Probe  
  32  2:55  Probe  
  33  3:05  Probe  
  34  3:07  Probe  
  35  3:17  Probe  
  35  3:18  Pylon  
  35  3:19  Probe  
  37  3:29  Probe  
  37  3:33  Probe  
  37  3:38  Gateway x2  
  37  3:42  Probe  
  37  3:45  Robotics Facility  
  37  3:48  Probe  
  39  3:55  Probe  
  40  4:00  Pylon  
  40  4:04  Nexus  
  40  4:08  Pylon  
  40  4:12  Stalker  
  42  4:17  Probe  
  42  4:18  Assimilator  
  43  4:24  Probe  
  43  4:31  Probe  
  45  4:33  Observer  
  45  4:34  Stalker x2  
  45  4:36  Stalker  
  53  4:40  Pylon  
  52  4:46  Forge  
  52  4:47  Forge  
  52  4:54  Observer  
  53  5:05  Stalker x3  
  59  5:07  Probe  
  59  5:12  Probe  
  59  5:13  Pylon  
  61  5:15  Observer  
  61  5:23  Protoss Ground Weapons Level 1, Protoss Ground Armor Level 1  
  59  5:31  Stalker x3  
  65  5:46  Pylon  
  61  5:58  Stalker x3  
  65  6:08  Probe  
  64  6:16  Probe  
  65  6:21  Probe  
  66  6:28  Stalker x2, Probe  
  66  6:29  Observer  
  66  6:32  Nexus, Pylon  
  70  6:44  Stalker  
  70  6:45  Observer  
  70  6:46  Shield Battery  
  70  6:49  Probe  
  71  6:58  Probe  
  71  7:00  Stalker x2  
  76  7:07  Protoss Ground Armor Level 2, Protoss Ground Weapons Level 2  
  76  7:10  Gateway  
  76  7:14  Gateway  
  76  7:15  Gateway  
  76  7:21  Gateway  
  76  7:25  Gateway  
  76  7:29  Pylon  
  76  7:30  Probe x2  
  78  7:39  Stalker  
  78  7:40  Stalker  
  78  7:42  Probe  
  78  7:43  Stalker  
  85  7:45  Probe  
  86  7:53  Probe  
  87  8:00  Probe  
  88  8:09  Zealot x5  
  88  8:11  Observer  
  98  8:14  Observer, Photon Cannon x2  
  98  8:17  Photon Cannon  
  98  8:19  Probe, Shield Battery  
  99  8:26  Warp Prism  
  101  8:30  Probe x2  
  101  8:31  Probe  
  101  8:33  Sentry x4  
  112  8:37  Zealot x2  
  114  8:42  Observer  
  114  8:44  Zealot x2  
  115  8:54  Observer  
  115  8:57  Pylon x2  
  115  9:11  Pylon  
  115  9:20  Zealot x2  
  115  9:21  Zealot x6  
  131  9:40  Nexus  
  131  9:42  Assimilator, Pylon  
  131  9:51  Observer  
  125  9:59  Zealot  
  127  10:00  Zealot x5  
  127  10:03  Sentry x2  
  140  10:07  Templar Archives  
  140  10:12  Assimilator  
  140  10:38  Zealot x4  
  137  10:43  Stalker x4  
  125  11:00  Zealot x3  
Show
View Real Time Build Order
Export as new Build Order

santogrifo Terran 

Build Orders: Gas First Reaper Expand, Banshee Rush 

Get SALT Encoding   

  12  0:01  SCV  
  13  0:13  SCV  
  14  0:17  Supply Depot  
  14  0:25  SCV  
  15  0:29  Refinery  
  15  0:39  SCV  
  16  0:45  Barracks  
  16  0:51  SCV  
  17  1:03  SCV  
  17  1:15  SCV  
  18  1:27  SCV  
  19  1:41  Reaper  
  19  1:43  Orbital Command  
  20  1:55  Command Center  
  20  2:09  Factory  
  20  2:13  SCV  
  21  2:18  Barracks Reactor  
  21  2:23  Refinery  
  21  2:25  SCV  
  22  2:33  Supply Depot  
  22  2:38  SCV  
  23  2:55  SCV, Hellion  
  26  3:02  Marine x2  
  28  3:05  Starport  
  28  3:08  SCV  
  30  3:24  Factory Tech Lab  
  30  3:25  SCV  
  29  3:27  Marine x2  
  31  3:37  Orbital Command, SCV  
  32  3:47  Marine x2  
  34  3:49  Cloaking Field  
  34  3:50  Factory Tech Lab  
  34  3:58  Banshee  
  37  4:05  SCV  
  37  4:08  Cyclone  
  37  4:09  Supply Depot  
  41  4:12  Marine, SCV  
  41  4:13  Marine  
  44  4:23  Supply Depot  
  44  4:27  SCV  
  44  4:30  Marine  
  47  4:31  SCV  
  47  4:37  Supply Depot  
  47  4:40  Siege Tank, Banshee  
  53  4:48  SCV x2  
  53  4:50  Marine x2  
  57  4:55  Barracks  
  57  4:58  Supply Depot  
  57  5:00  SCV  
  57  5:02  SCV  
  58  5:12  SCV  
  58  5:13  Barracks  
  59  5:15  SCV, Siege Tank  
  59  5:21  Marine x2  
  64  5:31  Banshee  
  62  5:36  SCV  
  62  5:38  Marine  
  62  5:39  Marine  
  62  5:42  Marine  
  61  5:49  SCV  
  58  5:56  Marine x2  
  54  5:57  Factory Tech Lab  
  54  6:00  Marine  
  52  6:04  SCV  
  45  6:14  Marine x2  
  45  6:15  Siege Tank  
  45  6:18  Marine, SCV x2  
  52  6:30  SCV  
  52  6:31  SCV  
  54  6:33  Barracks  
  54  6:34  Bunker  
  54  6:36  Marine x2  
  54  6:42  SCV  
  54  6:43  SCV  
  54  6:45  Medivac  
  57  6:49  Factory Tech Lab  
  57  6:54  SCV  
  57  6:55  SCV  
  57  6:56  Marine x2  
  59  7:03  Supply Depot  
  59  7:06  SCV  
  59  7:07  SCV  
  60  7:11  Refinery  
  60  7:15  Siege Tank  
  63  7:18  SCV  
  63  7:19  SCV  
  65  7:24  Stimpack  
  65  7:28  Barracks Tech Lab  
  64  7:30  SCV, Barracks  
  64  7:31  SCV, Barracks  
  64  7:33  Starport Reactor  
  66  7:40  Supply Depot  
  66  7:43  SCV x2  
  66  7:44  Marine, Marauder  
  71  7:55  Combat Shield  
  66  7:59  SCV x2  
  66  8:00  Refinery  
  68  8:06  Factory Reactor  
  68  8:09  Marine x2  
  68  8:10  Marauder x2  
  74  8:18  Barracks Tech Lab  
  74  8:19  Marine  
  77  8:27  Marine x2  
  77  8:31  Marine x2  
  83  8:37  Marine, Supply Depot  
  84  8:43  Marine  
  84  8:45  Marine x2  
  87  8:49  Marauder x2  
  87  8:54  Marine  
  85  8:58  Starport  
  85  9:00  Widow Mine x2  
  88  9:10  Concussive Shells  
  88  9:13  SCV  
  88  9:14  Marine x2, Marauder  
  88  9:15  Supply Depot  
  93  9:17  Marine  
  93  9:18  Supply Depot, Marauder  
  93  9:21  Widow Mine x2  
  100  9:25  Supply Depot  
  100  9:26  Supply Depot  
  100  9:28  Supply Depot x2  
  100  9:35  Medivac x2  
  100  9:37  SCV  
  106  9:38  SCV  
  107  9:45  Widow Mine  
  107  9:49  SCV  
  105  9:54  Marine x2, Marauder  
  105  9:58  SCV  
  110  10:05  Medivac x2  
  110  10:06  Marine  
  115  10:16  Marine, Marauder  
  117  10:24  Marine, Marauder  
  120  10:29  Widow Mine  
  114  10:41  Widow Mine  
Tags
 
Add a new tag
Caveats
  • Supply blocks, unpowered buildings, or Contaminate may cause inaccurate times.
  • Supply counts are checked every 10 seconds.